 Dungeon Crawl Stone Soup version 0.22.1-5-g62c59d9 (webtiles) character file.

4022 brigan the Basher (level 10, -64/83 HPs)
             Began as a Human Fighter on Jan 7, 2019.
             Killed by a magical explosion (111 damage)
             ... on level 8 of the Dungeon on Jan 9, 2019.
             The game lasted 00:51:46 (9084 turns).

brigan the Basher (Human Fighter)                   Turns: 9084, Time: 00:52:16

Health: -64/83     AC: 22    Str: 20    XL:     10   Next: 47%
Magic:  0/10       EV:  8    Int: 17    God:    Xom [..*...]
Gold:   480        SH: 11    Dex: 15    Spells: 9/9 levels left

rFire    x . .     SeeInvis .   M - +0 whip (freeze)
rCold    + . .     Gourm    .   c - +0 shield
rNeg     + . .     Faith    .   P - +0 plate armour
rPois    .         Spirit   +   E - +2 helmet {Int+3}
rElec    .         Reflect  .   (no cloak)
rCorr    .         Harm     .   n - +2 pair of gloves
MR       .....                  r - +0 pair of boots
Stlth    ..........             g - amulet of guardian spirit
HPRegen  0.23/turn              l - +2 ring of strength
MPRegen  0.12/turn              N - ring "Qixkobb" {Ice rN+ Str-2 Int+3 Dex+3}

@: lethally poisoned (-64 -> -127), impossibly contaminated, glowing, drained
A: hooves 1, repulsion field 1, yellow scales 1, blurry vision 1, clever 1,
robust 1
a: Renounce Religion


You were on level 8 of the Dungeon.
You worshipped Xom.
You were a toy of Xom.
You were not hungry.

You visited 2 branches of the dungeon, and saw 9 of its levels.
You also visited: Sewer.

You collected 480 gold pieces.

Inventory:

Hand Weapons
 a - a +0 flail
 I - a +0 dire flail
 M - a +0 whip of freezing (weapon)
Armour
 b - a +0 scale mail
 c - a +0 shield (worn)
 n - a +2 pair of gloves (worn)
 r - a +0 pair of boots (worn)
 s - a -1 chain mail
 E - a +2 helmet of intelligence (worn)
 K - a +0 chain mail
 P - a +0 plate armour (worn)
Jewellery
 g - an amulet of guardian spirit (around neck)
 l - a +2 ring of strength (left hand)
 p - a cursed amulet of the gourmand {unknown}
 N - the ring "Qixkobb" (right hand) {Ice rN+ Str-2 Int+3 Dex+3}
   (You found it on level 7 of the Dungeon)

   [ring of ice]

   It enhances your ice magic.
   It affects your strength (-2).
   It affects your intelligence (+3).
   It affects your dexterity (+3).
   It makes you vulnerable to fire.
   It protects you from cold.
   It protects you from negative energy.
 Q - a cursed -3 ring of dexterity {unknown}
Wands
 w - a wand of digging (35)
 C - a wand of flame (24)
 J - a wand of paralysis (27)
Scrolls
 h - 6 scrolls of identify {unknown}
 i - 5 scrolls of remove curse
 j - a scroll of fog {unknown}
 o - 5 scrolls of teleportation {unknown}
 v - 4 scrolls of fear {unknown}
 y - 3 scrolls of immolation {unknown}
 A - 2 scrolls of enchant weapon {unknown}
 B - a scroll of enchant armour {unknown}
 D - a scroll of random uselessness {unknown}
 G - a scroll of blinking {unknown}
Potions
 d - a potion of might
 e - a potion of berserk rage {unknown}
 k - 2 potions of mutation {unknown}
 m - 4 potions of curing {unknown}
 q - a potion of invisibility {unknown}
 t - 3 potions of brilliance {unknown}
 u - a potion of heal wounds {unknown}
 x - 3 potions of lignification {unknown}
 z - 2 potions of degeneration {unknown}
 F - a potion of cancellation {unknown}
 H - 6 potions of flight {unknown}
 L - a potion of magic {unknown}
Comestibles
 f - 16 rations


   Skills:
 + Level 5.6(5.0) Fighting
 + Level 9.2(8.5) Maces & Flails
 + Level 6.9(6.2) Armour
 + Level 3.3(2.7) Dodging
 + Level 2.4(1.8) Stealth
 + Level 7.6(6.8) Shields


You had 9 spell levels left.
You didn't know any spells.
Your spell library contained the following spells:

 Spells                   Type           Power        Failure   Level  Hunger
 Animate Skeleton         Necr           N/A          100%        1    ##.....
 Apportation              Tloc           #.....       100%        1    ##.....
 Confusing Touch          Hex            #.....       100%        1    ##.....
 Summon Small Mammal      Summ           #...         100%        1    ##.....


Dungeon Overview and Level Annotations

Branches:
Dungeon (8/15)             Temple (1/1) D:4
   Lair: D:8-11

Altars:
Ashenzari
Cheibriados
Dithmenos
Elyvilon
Fedhas
Gozag
Hepliaklqana
Kikubaaqudgha
Makhleb
Nemelex Xobeh
Okawaru
Qazlal
Ru
Sif Muna
Trog
Vehumet
Wu Jian
Xom
Yredelemnul
Zin
The Shining One

Shops:
D:6 =   D:8 [


Innate Abilities, Weirdness & Mutations

You have large cloven feet.
You are surrounded by a mild repulsion field. (EV +2)
You are partially covered in yellow scales. (AC +2)
Scrolls take you a little longer to read.
Your mind is acute. (Int +2)
You are robust. (+10% HP)


Message History

You are engulfed in a nimbus of crackling magics!
You are engulfed in mutagenic fog.
The mutagenic energy flows into you.
Your trail of clouds dissipates.
You are engulfed in mutagenic fog.
The mutagenic energy flows into you.
You are engulfed in mutagenic fog.
The mutagenic energy flows into you.
You are engulfed in mutagenic fog.
The mutagenic energy flows into you.
You are engulfed in mutagenic fog.
The mutagenic energy flows into you.
Really walk into that cloud of mutagenic fog?
You are engulfed in mutagenic fog.
The mutagenic energy flows into you.
You are engulfed in mutagenic fog.
The mutagenic energy flows into you.
You start resting.
Some of the chunks of flesh in your inventory have rotted away.
Magic restored.
You start resting.
All of the chunks of flesh in your inventory have rotted away.
Your body shudders with the violent release of wild energies!
The magical storm engulfs you!
You are lethally poisoned!
Ouch! That really hurt!
You die...
Xom titters!

.............## #..
..............# #..
_..8.._.......# #..
..............# #..
._..._.#.....## #..
............_.# #..
...........<..# ###
..#.......###
##@.......#
#........## ####
##.##...<..# #...
#..#.......# #.##
#.##..>....### #.#
##.##.........###.##
#..###.............#
##.####.....>.......#
#..# #.......##.##...


There were no monsters in sight!

Vanquished Creatures
  A two-headed ogre (D:7)
  Pikel (D:7)
  Sigmund (D:3)
  Duvessa (D:7)
  2 ice beasts
  A sky beast (D:8)
  2 ogres
  A centaur (D:5)
  3 bullfrogs
  A gnoll sergeant (D:8)
  Dowan (D:7)
  6 scorpions
  10 killer bees
  5 wights (D:8)
  A bullfrog zombie (D:6)
  A crimson imp (D:8)
  4 hounds
  2 bullfrog skeletons
  2 orc priests (D:6)
  3 iguanas
  Terence (D:3)
  Ijyb (D:3)
  5 orc wizards
  9 worker ants
  2 howler monkey zombies (D:5)
  5 gnolls
  7 adders
  A river rat (D:5)
  A shadow imp (D:5)
  2 oozes
  An adder skeleton (D:4)
  3 worms
  2 dart slugs
  7 leopard geckos
  27 orcs
  A ball python (Sewer)
  11 giant cockroaches
  3 goblins
  7 hobgoblins
  9 jackals
  3 quokkas
  11 bats
  8 frilled lizards
  2 gnoll zombies (D:5)
  A jackal zombie (D:6)
  8 kobolds
  A leopard gecko skeleton (D:7)
  2 quokka skeletons
  3 rats
193 creatures vanquished.

Vanquished Creatures (collateral kills)
  Prince Ribbit (D:7)
  A slave (D:7)
  A water moccasin skeleton (D:6)
  A worker ant (D:6)
  A gnoll (D:8)
  An orc (D:6)
6 creatures vanquished.

Vanquished Creatures (others)
  A slave (D:7)
  A worker ant (D:7)
  A shadow imp (D:7)
3 creatures vanquished.

Grand Total: 202 creatures vanquished

Notes
Turn   | Place    | Note
-------+----------+-------------------------------------------
     0 | D:1      | brigan the Human Fighter began the quest for the Orb.
     0 | D:1      | Reached XP level 1. HP: 18/18 MP: 1/1
    98 | D:1      | Reached XP level 2. HP: 24/24 MP: 2/2
   787 | D:2      | Reached XP level 3. HP: 29/29 MP: 3/3
   803 | D:2      | Reached XP level 4. HP: 23/35 MP: 2/4
  1312 | D:2      | You fall through a shaft!
  1609 | D:2      | Reached skill level 3 in Maces & Flails
  2029 | D:3      | Reached XP level 5. HP: 35/41 MP: 5/5
  2189 | D:3      | Noticed Terence
  2198 | D:3      | Killed Terence
  2198 | D:3      | Reached skill level 1 in Dodging
  2623 | D:3      | Reached XP level 6. HP: 47/47 MP: 6/6
  2647 | D:3      | Noticed Ijyb
  2648 | D:3      | Noticed Sigmund
  2654 | D:3      | Killed Ijyb
  2654 | D:3      | Reached skill level 4 in Maces & Flails
  2682 | D:3      | Killed Sigmund
  2682 | D:3      | Reached XP level 7. HP: 31/53 MP: 4/7
  2934 | D:4      | Reached skill level 5 in Maces & Flails
  3359 | D:4      | Upgraded the game from 0.22.1-2-g9c5b331 to
                  | 0.22.1-5-g62c59d9
  3441 | D:4      | Found a staircase to the Ecumenical Temple.
  3466 | Temple   | Entered the Ecumenical Temple
  3665 | Temple   | Became a worshipper of Xom of Chaos
  3725 | D:4      | XOM: harmless Pois miscast
  3734 | D:4      | Found an ornate altar of the Wu Jian Council.
  3737 | D:4      | Found a shadowy altar of Dithmenos.
  4041 | D:4      | XOM: harmless Necr miscast
  4156 | D:5      | XOM: noise
  4156 | D:5      | Entered Level 5 of the Dungeon
  4376 | D:5      | Reached skill level 5 in Armour
  4449 | D:5      | XOM: god gift: runed helmet {god gift}
  4530 | D:5      | XOM: scenery: create altars
  4584 | D:5      | Reached XP level 8. HP: 60/60 MP: 8/8
  4749 | D:5      | Found a glowing drain.
  4753 | Sewer    | Entered a sewer
  4764 | Sewer    | XOM: fake destruction
  4769 | Sewer    | XOM: confuse monster(s)
  5375 | D:5      | XOM is BORED!
  5514 | D:5      | Found a bloodstained altar of Trog.
  5657 | D:5      | Found a basalt altar of Yredelemnul.
  5783 | D:6      | XOM: harmless Fire miscast
  5796 | D:6      | XOM: enchant monster (good)
  5800 | D:6      | Reached skill level 6 in Maces & Flails
  5800 | D:6      | Reached skill level 5 in Shields
  5828 | D:6      | XOM: divination: detect creatures
  5965 | D:6      | XOM: summons 8 friendly demons
  5993 | D:6      | Found a white marble altar of Elyvilon.
  6027 | D:6      | XOM: cloud trail
  6074 | D:6      | Found Axig Zaid's Jewellery Shop.
  6177 | D:6      | XOM: enchant monster (good)
  6358 | D:6      | XOM: give mutations
  6358 | D:6      | Gained mutation: Your spells are a little harder to cast,
                  | but a little more powerful. [Xom's grace]
  6358 | D:6      | Gained mutation: You have large cloven feet. [Xom's grace]
  6358 | D:6      | Gained mutation: You are partially covered in yellow
                  | scales. (AC +2) [Xom's grace]
  6431 | D:6      | Reached skill level 7 in Maces & Flails
  6485 | D:6      | Reached XP level 9. HP: 66/66 MP: 9/9
  6541 | D:7      | Noticed Prince Ribbit
  6550 | D:7      | XOM: summons 9 friendly demons
  6552 | D:7      | Killed Prince Ribbit
  6552 | D:7      | Reached skill level 1 in Stealth
  6568 | D:7      | Noticed Pikel
  6595 | D:7      | XOM: medium Ice miscast
  6598 | D:7      | Killed Pikel
  6622 | D:7      | XOM: scenery: create altars
  6633 | D:7      | XOM: confusion (+ monsters)
  6650 | D:7      | XOM: noise
  6654 | D:7      | XOM: fog
  6661 | D:7      | XOM: fake destruction
  6687 | D:7      | Reached skill level 5 in Fighting
  6689 | D:7      | Reached skill level 8 in Maces & Flails
  6706 | D:7      | XOM: scenery: create altars
  6713 | D:7      | Got a heavily runed steel ring
  6714 | D:7      | Identified the ring "Qixkobb" {Ice rN+ Str-2 Int+3 Dex+3}
                  | (You found it on level 7 of the Dungeon)
  6735 | D:7      | XOM: give mutations
  6735 | D:7      | Gained mutation: You have supernaturally acute eyesight.
                  | (SInv) [Xom's grace]
  6735 | D:7      | Gained mutation: You are surrounded by a mild repulsion
                  | field. (EV +2) [Xom's grace]
  6762 | D:7      | XOM: 2-stop teleportation journey
  7047 | D:7      | XOM: confuse monster(s)
  7144 | D:7      | Noticed a two-headed ogre
  7167 | D:7      | Killed a two-headed ogre
  7167 | D:7      | Reached XP level 10. HP: 42/74 MP: 5/10
  7197 | D:7      | XOM: give mutation
  7197 | D:7      | Gained mutation: Your mind is acute. (Int +2) [Xom's grace]
  7380 | D:7      | Noticed Dowan
  7380 | D:7      | Noticed Duvessa
  7381 | D:7      | XOM: summons 2 friendly demons
  7426 | D:7      | Killed Duvessa
  7440 | D:7      | Killed Dowan
  7822 | D:8      | Found an opulent altar of Gozag.
  7822 | D:8      | Found an iron altar of Okawaru.
  7872 | D:8      | XOM: summons friendly white imp
  7892 | D:8      | XOM: confuse monster(s)
  7930 | D:8      | Reached skill level 9 in Maces & Flails
  7942 | D:8      | Found Muebae Jejo's Antique Armour Emporium.
  7975 | D:8      | XOM: enchant monster (good)
  8037 | D:8      | XOM: summons 2 friendly demons
  8049 | D:8      | XOM: polymorph quasit -> shadow imp
  8050 | D:8      | XOM: enchant monster (good)
  8441 | D:8      | XOM: enchant monster (good)
  8447 | D:8      | XOM: torment (46/75 hp)
  8456 | D:8      | XOM: confuse monster(s)
  8605 | D:8      | XOM: 1-stop teleportation journey
  8645 | D:8      | XOM: potion effect (berserk rage)
  8802 | D:8      | XOM: 1-stop teleportation journey
  8811 | D:8      | XOM: polymorph orc warrior -> sky beast
  8935 | D:8      | XOM: cloud trail
  8941 | D:8      | Found a snail-covered altar of Cheibriados.
  8959 | D:8      | Lost mutation: Your spells are a little harder to cast, but
                  | a little more powerful. [mutagenic glow]
  8963 | D:8      | Found a burning altar of Makhleb.
  8968 | D:8      | XOM: scenery: create altars
  8998 | D:8      | Lost mutation: You have supernaturally acute eyesight.
                  | (SInv) [mutagenic glow]
  8998 | D:8      | Gained mutation: Scrolls take you a little longer to read.
                  | [mutagenic glow]
  9026 | D:8      | Gained mutation: You are robust. (+10% HP) [mutagenic glow]
  9084 | D:8      | Killed by a magical explosion

Skill      XL: |  1  2  3  4  5  6  7  8  9 10 |
---------------+-------------------------------+-----
Maces & Flails | 3 4 5 7 8 9 |  9.2
Dodging        | 1 2 3 |  3.3
Armour         | 4 5 6 |  6.9
Shields        | 4 5 6 7 |  7.6
Fighting       | 4 5 |  5.6
Stealth        | 1 2 |  2.4

Action                   |  1- 3 |  4- 6 |  7- 9 | 10-12 || total
-------------------------+-------+-------+-------+-------++-------
Melee: Flail             |    75 |   206 |   420 |    15 ||   716
       Whip              |       |       |   150 |   286 ||   436
  Use: Scroll            |       |       |     1 |       ||     1
 Stab: Confused          |       |       |     1 |     2 ||     3
       Distracted        |       |       |     1 |       ||     1
       Paralysed         |       |       |       |     5 ||     5
       Petrified         |       |       |       |     3 ||     3
       Sleeping          |       |       |       |     2 ||     2
       Petrifying        |       |       |       |     1 ||     1
  Eat: Chunk             |       |     6 |    16 |     6 ||    28
Armor: Scale mail        |    40 |    38 |    51 |       ||   129
       Chain mail        |       |    40 |   261 |    89 ||   390
Dodge: Dodged            |    22 |    39 |   163 |    74 ||   298
Block: Shield            |    43 |    88 |   296 |   136 ||   563
